[Event "Early-Titled-Tuesday-Blitz-March-12-2024"]
[Site "Chess.com"]
[Date "2024.03.12"]
[Round "10"]
[White "wonderfultime"]
[Black "Hikaru"]
[Result "1/2-1/2"]
[WhiteElo "3082"]
[BlackElo "3238"]
[TimeControl "180+1"]
[EndTime "9:49:36 PDT"]
[Termination "Game drawn by agreement"]

1. d4 Nf6 2. c4 c5 3. d5 d6 4. Nc3 g6 5. e4 Bg7 6. h3 e6 7. Nf3 exd5 8. exd5 O-O 9. Bd3 Re8+ 10. Be3 Rxe3+ 11. fxe3 Qe7 12. O-O Nbd7 13. e4 Nh5 14.
Qd2 Ne5 15. Nxe5 Bxe5 16. Rf3 Bd7 17. Raf1 Rf8 18. Ne2 f6 19. a3 Ng7 20. b4 b6 21.
Bc2 Rc8 22. Bb3 Ne8 23. Kh1 Ng7 24. bxc5 dxc5 25. Qd1 Ne8 26. Ba4 Bxa4 27. Qxa4 Nd6 28. Qc2 Re8 29. Qd3 Kg7 30. a4 h5 31. Qc2 h4 32. Qd3 g5 1/2-1/2

[Event "Early-Titled-Tuesday-Blitz-March-12-2024"]
[Site "Chess.com"]
[Date "2024.03.12"]
[Round "10"]
[White "toninhojit"]
[Black "Kostukov_Alex"]
[Result "1-0"]
[WhiteElo "2513"]
[BlackElo "2312"]
[TimeControl "180+1"]
[EndTime "9:50:11 PDT"]
[Termination "toninhojit won by resignation"]

1. d4 g6 2. c4 Bg7 3. e4 d6 4. Be3 e5 5. d5 f5 6. Nc3 Nf6 7.
exf5 gxf5 8. Be2 O-O 9. f4 Ng4 10. Bxg4 fxg4 11. Nge2 Nd7 12. O-O exf4 13. Bxf4 Ne5 14. b3 Bf5 15. Nd4 Bg6 16. Ne6 Qh4 17.
Nxf8 Rxf8 18. Qd2 Nf3+ 19. gxf3 Rxf4 20. Qxf4 Bxc3 21. Qxg4 Qd8 22. Rae1 Kg7 23. f4 Bxe1 24. Rxe1 Qf6 25. f5 1-0

[Event "Early-Titled-Tuesday-Blitz-March-12-2024"]
[Site "Chess.com"]
[Date "2024.03.12"]
[Round "10"]
[White "Goryachkina"]
[Black "Baronessa08"]
[Result "1-0"]
[WhiteElo "2685"]
[BlackElo "2566"]
[TimeControl "180+1"]
[EndTime "9:50:27 PDT"]
[Termination "Goryachkina won by checkmate"]

1. d4 d5 2. c4 dxc4 3. Nf3 Nf6 4. e3 e6 5. Bxc4 c5 6. O-O Nc6 7. a3 a6 8. Nc3 b5 9. Ba2 Be7 10. dxc5 Bxc5 11. Qc2 Qb6 12. b4 Be7 13. Bb2 O-O 14. Ne4 Nxe4 15. Qxe4 Rd8 16. Rac1 Bb7 17. Qg4 Bf8 18.
Ng5 h6 19. Nxf7 Kxf7 20. Qxe6# 1-0

[Event "Early-Titled-Tuesday-Blitz-March-12-2024"]
[Site "Chess.com"]
[Date "2024.03.12"]
[Round "10"]
[White "Smoking_Crow"]
[Black "matagordo"]
[Result "1-0"]
[WhiteElo "2578"]
[BlackElo "2290"]
[TimeControl "180+1"]
[EndTime "9:50:45 PDT"]
[Termination "Smoking_Crow won by resignation"]

1. d4 Nf6 2. c4 d6 3. Nc3 e5 4.
dxe5 dxe5 5. Qxd8+ Kxd8 6. Nf3 Nbd7 7. Bg5 c6 8. Bxf6+ gxf6 9. e3 Kc7 10. O-O-O a5 11.
Bd3 a4 12. Nh4 a3 13. b3 Bb4 14. Ne2 Nc5 15. Bf5 Be6 16. Kc2 Rhd8 17. Ng3 Rxd1 18. Rxd1 b5 19. cxb5 cxb5 20. Kb1 Bxb3 21. axb3 Nxb3 22.
Ka2 Nc5 23. Ne4 Kb6 24. Nxc5 Bxc5 25. Nf3 b4 26. Bc2 h5 27. Bb3 Rg8 28. g3 Rc8 29. Bxf7 Bf8 30. Bb3 Rc3 31. Nd2 Rd3 32. Nc4+ 1-0

[Event "Early-Titled-Tuesday-Blitz-March-12-2024"]
[Site "Chess.com"]
[Date "2024.03.12"]
[Round "10"]
[White "pfalcon1949"]
[Black "rikchessmx"]
[Result "0-1"]
[WhiteElo "1956"]
[BlackElo "2303"]
[TimeControl "180+1"]
[EndTime "9:50:46 PDT"]
[Termination "rikchessmx won on time"]

1. e4 d5 2. exd5 Qxd5 3. Nc3 Qa5 4. d4 Nf6 5. Bd2 Nc6 6. Nf3 Bg4 7. h3 Qh5 8. Be2 e6 9. Be3 O-O-O 10. O-O Bxh3 11. gxh3 Qxh3 12. Ng5 Qh4 13. Nxf7 Nxd4 14. Nxd8 Bd6 15. f4 Qg3+ 16. Kh1 Qh3+ 17. Kg1 Qxe3+ 18. Kh1 Qh3+ 19. Kg1 Bc5 20. Rf2 Rxd8 21. Qf1 Nxe2+ 22. Nxe2 Bxf2+ 23. Qxf2 Rd2 24. Re1 Ng4 25. Qg2 Qxg2+ 26.
Kxg2 Ne3+ 27. Kf3 Nxc2 28. Rg1 g6 29. Rh1 Rd7 30. Ng3 h5 31. Ne4 Nd4+ 32. Ke3 Nf5+ 33. Ke2 Rd4 0-1

[Event "Early-Titled-Tuesday-Blitz-March-12-2024"]
[Site "Chess.com"]
[Date "2024.03.12"]
[Round "10"]
[White "awesomevishesh"]
[Black "Byniolus"]
[Result "1-0"]
[WhiteElo "2652"]
[BlackElo "2813"]
[TimeControl "180+1"]
[EndTime "9:50:51 PDT"]
[Termination "awesomevishesh won by resignation"]

1. d4 d6 2. Nf3 Bg4 3. e4 Nf6 4. Nc3 e6 5. h3 Bh5 6. Qe2 c6 7.
g4 Bg6 8. h4 h5 9. g5 Nfd7 10.
Bh3 Be7 11. d5 cxd5 12. exd5 e5 13. Be3 O-O 14. O-O-O Na6 15. Nxe5 Nxe5 16. f4 Ng4 17. Bxg4 hxg4 18. h5 Bf5 19. h6 g6 20. h7+ Kh8 21. Bd4+ f6 22. Rde1 Rf7 23. Ne4 Nc7 24. gxf6 Bxf6 25.
Nxf6 Rxf6 26. Qe8+ 1-0

[Event "Early-Titled-Tuesday-Blitz-March-12-2024"]
[Site "Chess.com"]
[Date "2024.03.12"]
[Round "10"]
[White "Matols"]
[Black "Kotlyar_K"]
[Result "1-0"]
[WhiteElo "2355"]
[BlackElo "2553"]
[TimeControl "180+1"]
[EndTime "9:50:56 PDT"]
[Termination "Matols won by resignation"]

1. d4 d5 2. c4 e6 3. Nf3 c6 4. g3 Nf6 5. Qb3 Nbd7 6. Bg2 Bd6 7.
O-O O-O 8. Nc3 a6 9. Re1 b5 10. c5 Bc7 11. e4 dxe4 12. Nxe4 Nxe4 13. Rxe4 Nf6 14. Re1 Nd5 15. Bg5 Qd7 16. Rad1 a5 17.
h4 b4 18. Qc2 Ba6 19. h5 h6 20. Bc1 Bb5 21. Qe4 Nf6 22. Qh4 Bd8 23. Ne5 Qc7 24.
Qh1 Nd5 25. Be4 Bf6 26. Bb1 Bxe5 27. dxe5 f5 28. exf6 Rxf6 29. Qe4 Raf8 30. Qh7+ Kf7 31. Bg6+ Ke7 32. Qxg7+ Kd8 33. Qxc7+ Kxc7 34. Bxh6 Rd8 35. Bg5 1-0

[Event "Early-Titled-Tuesday-Blitz-March-12-2024"]
[Site "Chess.com"]
[Date "2024.03.12"]
[Round "10"]
[White "killer_dreams"]
[Black "kidagent"]
[Result "0-1"]
[WhiteElo "2498"]
[BlackElo "2356"]
[TimeControl "180+1"]
[EndTime "9:51:00 PDT"]
[Termination "kidagent won by resignation"]

1. e4 c6 2. d4 d5 3. Nc3 dxe4 4. Nxe4 Bf5 5. Ng3 Bg6 6. h4 h6 7. Bd3 Bxd3 8. Qxd3 e6 9. Nf3 Nd7 10. Bd2 Ngf6 11.
O-O-O Qc7 12. Kb1 Be7 13. c4 O-O 14. Bc3 Rfd8 15. Rhe1 b5 16. cxb5 cxb5 17. Qxb5 Rab8 18. Qa5 Qb7 19. Nf5 Bf8 20. Ne3 Nb6 21. Ne5 Nbd5 22. Nxd5 Nxd5 23. Re2 Rdc8 24. Rc1 Rxc3 25. Rxc3 Bb4 26.
Rb3 Bxa5 27. Rxb7 Rxb7 28. Rc2 Rc7 29. Nc6 Bb6 30. a4 a5 31. b3 Kf8 32. Kb2 f6 33. Rc4 Ke8 0-1

[Event "Early-Titled-Tuesday-Blitz-March-12-2024"]
[Site "Chess.com"]
[Date "2024.03.12"]
[Round "10"]
[White "InitiatingASC"]
[Black "enriquebutti"]
[Result "1-0"]
[WhiteElo "2343"]
[BlackElo "2220"]
[TimeControl "180+1"]
[EndTime "9:51:03 PDT"]
[Termination "InitiatingASC won by resignation"]

1. d4 Nf6 2. c4 e6 3. Nc3 d5 4. cxd5 exd5 5. Qc2 c5 6. Nf3 Nc6 7. e3 Bg4 8. Be2 Rc8 9. Qa4 Bd6 10. dxc5 Bxc5 11. O-O O-O 12. Rd1 Bh5 13. Qh4 Bg6 14.
Nb5 Qb6 15. b3 Ne4 16. Rxd5 a6 17. Rxc5 Nxc5 18. Nd6 Rcd8 19. Nc4 Qc7 20. Ba3 b6 21. Rc1 Rfe8 22. Nxb6 Qxb6 23. Bxc5 Qa5 24. a4 Nb4 25. Qxb4 1-0

[Event "Early-Titled-Tuesday-Blitz-March-12-2024"]
[Site "Chess.com"]
[Date "2024.03.12"]
[Round "10"]
[White "Bilan_Danila"]
[Black "Al_Shima"]
[Result "1-0"]
[WhiteElo "2566"]
[BlackElo "2442"]
[TimeControl "180+1"]
[EndTime "9:51:09 PDT"]
[Termination "Bilan_Danila won by resignation"]

1. d4 Nf6 2. Nf3 e6 3. g3 b6 4. Bg2 Bb7 5. O-O Be7 6. c4 O-O 7. d5 exd5 8. Nh4 c6 9. cxd5 Nxd5 10. Nf5 Bf6 11. e4 Ne7 12. Nd6 Ba6 13. Re1 Ng6 14. f4 Be7 15. Nc3 Qc7 16. e5 f6 17.
Qb3+ Kh8 18. Nf7+ Rxf7 19. Qxf7 Qd8 20. exf6 gxf6 21. f5 Ne5 22. Rxe5 fxe5 23. Bh6 Bf6 24. Ne4 Bc4 25. Qxf6+ Qxf6 26. Nxf6 d5 27. b3 Ba6 28. Nxd5 Nd7 29. Nc7 Rd8 30. Nxa6 Nf6 31. Bg5 Kg7 32. Bxf6+ Kxf6 33. Bxc6 Rd5 34. Bxd5 1-0

[Event "Early-Titled-Tuesday-Blitz-March-12-2024"]
[Site "Chess.com"]
[Date "2024.03.12"]
[Round "10"]
[White "falzehope0"]
[Black "Switzerlamb"]
[Result "0-1"]
[WhiteElo "2440"]
[BlackElo "2565"]
[TimeControl "180+1"]
[EndTime "9:51:10 PDT"]
[Termination "Switzerlamb won by checkmate"]

1. d4 d5 2. e3 Nf6 3. Bd3 c5 4.
c3 Nbd7 5. f4 g6 6. Nf3 Bg7 7. O-O O-O 8. f5 cxd4 9. exd4 Ne4 10. fxg6 hxg6 11. Bxe4 dxe4 12. Ng5 e5 13. Qg4 Nf6 14. Qh4 Re8 15. b3 exd4 16. Ba3 Bf5 17. g4 e3 18. gxf5 e2 19. Re1 d3 20. fxg6 Qb6+ 21.
Qf2 Qxf2+ 22. Kxf2 Ng4+ 23. Kg3 f5 24. Bb2 Re3+ 25. Kg2 Rc8 26. Nf3 Rc6 27. Nbd2 Rxg6 28. Kh1 Nf2# 0-1

[Event "Early-Titled-Tuesday-Blitz-March-12-2024"]
[Site "Chess.com"]
[Date "2024.03.12"]
[Round "10"]
[White "Flaccidmoves"]
[Black "Louis-Paulsen-Fan"]
[Result "1-0"]
[WhiteElo "2433"]
[BlackElo "2264"]
[TimeControl "180+1"]
[EndTime "9:51:12 PDT"]
[Termination "Flaccidmoves won by resignation"]

1. c4 e6 2. g3 d5 3. Bg2 c5 4. Nf3 Nc6 5. O-O Nf6 6. cxd5 exd5 7. d4 Be7 8. Nc3 O-O 9. b3 Ne4 10. Bb2 Bf6 11. Rc1 b6 12. dxc5 bxc5 13. Ne1 Bf5 14.
Nd3 Re8 15. Nxe4 Bxb2 16. Nxb2 Bxe4 17. Rxc5 Qf6 18. Nd3 Bxg2 19. Kxg2 Nd4 20. e3 Nf5 21. Rxd5 Qc6 22. Qf3 g6 23. Rxf5 1-0

[Event "Early-Titled-Tuesday-Blitz-March-12-2024"]
[Site "Chess.com"]
[Date "2024.03.12"]
[Round "10"]
[White "BilicVladimir"]
[Black "Lady_Nika"]
[Result "1-0"]
[WhiteElo "2682"]
[BlackElo "2547"]
[TimeControl "180+1"]
[EndTime "9:51:14 PDT"]
[Termination "BilicVladimir won by resignation"]

1. e4 e6 2. d4 d5 3. Nd2 b6 4.
exd5 exd5 5. Ngf3 Nf6 6. Bd3 Qe7+ 7. Qe2 Qxe2+ 8. Kxe2 Bd6 9. Ne5 Nbd7 10. Ndf3 a6 11. Bg5 O-O 12. Rhe1 h6 13. Bh4 Nh5 14. Kf1 Nf4 15.
Bg3 Nxd3 16. Nxd3 Bxg3 17. hxg3 a5 18. Nde5 Nf6 19. Nd2 Ba6+ 20. Kg1 c5 21. dxc5 bxc5 22. Nb3 Rfb8 23. Rab1 Bc4 24. Nxc4 dxc4 25. Nxc5 Rb5 26. Ne4 Nxe4 27. Rxe4 c3 28. b3 a4 29. Rc4 a3 30. Rxc3 Rb4 31. Rd3 Rc8 32. c3 Re4 33. Kf1 Rc5 34. b4 Rh5 35. Kg1 Re2 36. c4 Rxa2 37.
b5 Rc5 38. b6 Rb2 39. Rxb2 axb2 40. Rb3 Rxc4 41. b7 Rc1+ 42. Kh2 b1=Q 43. b8=Q+ 1-0

[Event "Early-Titled-Tuesday-Blitz-March-12-2024"]
[Site "Chess.com"]
[Date "2024.03.12"]
[Round "10"]
[White "blitzking1729"]
[Black "StankovicIvan"]
[Result "1-0"]
[WhiteElo "2803"]
[BlackElo "2558"]
[TimeControl "180+1"]
[EndTime "9:51:15 PDT"]
[Termination "blitzking1729 won by resignation"]

1. Nf3 g6 2. g3 Bg7 3. Bg2 c5 4.
O-O Nc6 5. c3 e5 6. d4 cxd4 7.
cxd4 exd4 8. Na3 Nge7 9. Nb5 O-O 10. Nbxd4 d5 11. Bg5 h6 12. Nxc6 bxc6 13. Bf4 Ba6 14.
Be5 Nf5 15. Bxg7 Kxg7 16. Rc1 Qf6 17. Qc2 Rac8 18. Rfd1 Rfe8 19. e3 Nd6 20. b3 Ne4 21.
a3 h5 22. h4 c5 23. Rxd5 Bb7 24. Rd7 Bc6 25. Rxa7 Nxg3 26. Ng5 Bxg2 27. Rxf7+ Qxf7 28. Nxf7 Be4 29. Qc4 Nf5 30. Ng5 Ba8 31.
Qf7+ 1-0

[Event "Early-Titled-Tuesday-Blitz-March-12-2024"]
[Site "Chess.com"]
[Date "2024.03.12"]
[Round "10"]
[White "QuintilianoR"]
[Black "BeardedNM"]
[Result "1-0"]
[WhiteElo "2684"]
[BlackElo "2249"]
[TimeControl "180+1"]
[EndTime "9:51:25 PDT"]
[Termination "QuintilianoR won on time"]

1. d4 e6 2. Nf3 Nf6 3. Bg5 c5 4. e3 b6 5. Nbd2 Bb7 6. Bd3 Be7 7. O-O O-O 8. c3 cxd4 9. exd4 a6 10. a4 d6 11. Qe2 Nbd7 12. Rfe1 Re8 13. Bh4 Nd5 14. Bg3 Nf8 15. Nc4 Ng6 16. Qd2 b5 17. Ne3 Ndf4 18. axb5 Nxd3 19. Qxd3 axb5 20. Qxb5 Bxf3 21. gxf3 Rb8 22.
Qe2 Qb6 23. Nc4 Qc6 24. Ra7 Rec8 25. Ne3 Qb6 26. Ra2 Qb3 27. Rea1 h5 28. h3 h4 29. Bh2 Rb6 30. f4 d5 31. f5 exf5 32. Nxf5 Re6 33. Qd1 Qb7 34. Qd2 Bf6 35. Ra7 Qb5 36.
Nd6 1-0

[Event "Early-Titled-Tuesday-Blitz-March-12-2024"]
[Site "Chess.com"]
[Date "2024.03.12"]
[Round "10"]
[White "secrethawk1"]
[Black "martinmena"]
[Result "1-0"]
[WhiteElo "2449"]
[BlackElo "2268"]
[TimeControl "180+1"]
[EndTime "9:51:27 PDT"]
[Termination "secrethawk1 won by resignation"]

1. d4 d5 2. Bf4 Nf6 3. e3 e6 4. c4 Bd6 5. Bg3 b6 6. Nf3 O-O 7. Nc3 Ba6 8. cxd5 Bxf1 9. Kxf1 exd5 10. Ke2 Ne4 11. Nxe4 dxe4 12. Nd2 Bxg3 13. hxg3 Qe7 14. Qc2 f5 15. Qc4+ Qf7 16. Rac1 Qxc4+ 17. Rxc4 Na6 18.
a4 c5 19. Nb3 cxd4 20. Nxd4 Nc5 21. Rhc1 Rfd8 22. b4 Nd3 23. R1c2 g6 24. Nc6 Rd7 25. b5 Nc5 26. a5 Kg7 27. Nd4 Rd6 28. Ra2 Rad8 29.
axb6 axb6 30. Ra7+ R8d7 31. Ra8 Rd8 32. Rxd8 Rxd8 33. Rxc5 bxc5 34. Ne6+ Kf6 35. Nxd8 Ke7 36. Nb7 Kd7 37. Nxc5+ Kd6 38. b6 Kc6 39. b7 Kc7 40. Kd2 1-0

[Event "Early-Titled-Tuesday-Blitz-March-12-2024"]
[Site "Chess.com"]
[Date "2024.03.12"]
[Round "10"]
[White "Sam_ChessMood"]
[Black "Mysterio47"]
[Result "1-0"]
[WhiteElo "2956"]
[BlackElo "2750"]
[TimeControl "180+1"]
[EndTime "9:51:28 PDT"]
[Termination "Sam_ChessMood won by resignation"]

1. d4 Nf6 2. c4 g6 3. Nc3 Bg7 4.
e4 d6 5. Be2 O-O 6. Be3 Nc6 7.
d5 Ne5 8. f4 Neg4 9. Bd2 c6 10.
h3 Nh6 11. g4 cxd5 12. cxd5 e6 13. g5 exd5 14. gxf6 Qxf6 15. Nxd5 Qh4+ 16. Kf1 f5 17.
Nf3 Qd8 18. e5 dxe5 19. Bb4 Be6 20. Ne7+ Kh8 21. Qxd8 Rfxd8 22. fxe5 Nf7 23. h4 Bf8 24. h5 Kg7 25. hxg6 hxg6 26. Rg1 Nh8 27. Ng5 Bg8 28. e6 Bxe7 29. Bxe7 Re8 30. Bb4 Bxe6 31. Bc3+ Kh6 32.
Bf6 Bd5 33. Kf2 1-0

[Event "Early-Titled-Tuesday-Blitz-March-12-2024"]
[Site "Chess.com"]
[Date "2024.03.12"]
[Round "10"]
[White "santosalberto1987"]
[Black "mikheeva86"]
[Result "0-1"]
[WhiteElo "2562"]
[BlackElo "2402"]
[TimeControl "180+1"]
[EndTime "9:51:31 PDT"]
[Termination "mikheeva86 won by resignation"]

1. e4 e5 2. Nf3 Nc6 3. Bc4 Bc5 4. O-O Nf6 5. d4 Bxd4 6. Nxd4 Nxd4 7. Bg5 h6 8. Bh4 d6 9. f4 Qe7 10. c3 Ne6 11. fxe5 dxe5 12. Kh1 g5 13. Bg3 Nf4 14.
Nd2 Bd7 15. Nf3 O-O-O 16. Qb3 Nxe4 17. Bxf4 exf4 18. Rae1 f5 19. Bd5 c6 20. Qc4 Rhe8 21. Nd4 Kb8 22. Bxe4 fxe4 23. b4 e3 24. a4 Be6 25. Qe2 Bd5 26. a5 a6 27. Rd1 Qf7 28. Rfe1 h5 29. Nf3 g4 30. Nd4 f3 31. Qd3 fxg2+ 0-1

[Event "Early-Titled-Tuesday-Blitz-March-12-2024"]
[Site "Chess.com"]
[Date "2024.03.12"]
[Round "10"]
[White "ValentunHulka"]
[Black "temus_galaktionov"]
[Result "0-1"]
[WhiteElo "2719"]
[BlackElo "2869"]
[TimeControl "180+1"]
[EndTime "9:51:35 PDT"]
[Termination "temus_galaktionov won by resignation"]

1. Nc3 c6 2. e4 g6 3. d4 Bg7 4. f4 d6 5. Nf3 Nd7 6. Bd3 e5 7. dxe5 dxe5 8. O-O Ngf6 9. Kh1 O-O 10. fxe5 Ng4 11.
e6 fxe6 12. Bc4 Nde5 13. Qxd8 Rxd8 14. Bb3 h6 15. Ng1 Rf8 16. Rxf8+ Kxf8 17. Nf3 Ke7 18. Bf4 b6 19. Nxe5 Nxe5 20. Ne2 c5 21. c3 Ba6 22.
Bxe5 Bxe5 23. Ng1 g5 24. Nf3 Bg7 25. h3 Rd8 26. Rd1 Bd3 27. Ne1 Bxe4 28. Rxd8 Kxd8 29.
Bxe6 Be5 30. Nf3 Bf4 31. b3 Ke7 32. Bc4 Bc1 33. Bg8 Bb2 34. Nd2 Bf5 35. Nf1 Bb1 36.
a4 Bxc3 37. Ne3 Bd4 38. Nd5+ Kd6 39. Kh2 Be4 40. Nxb6 axb6 0-1

[Event "Early-Titled-Tuesday-Blitz-March-12-2024"]
[Site "Chess.com"]
[Date "2024.03.12"]
[Round "10"]
[White "AlexandraSamaganova"]
[Black "el008"]
[Result "0-1"]
[WhiteElo "2375"]
[BlackElo "2526"]
[TimeControl "180+1"]
[EndTime "9:51:36 PDT"]
[Termination "el008 won by checkmate"]

1. c4 b6 2. Nc3 Bb7 3. Nf3 Nf6 4.
e3 g6 5. d4 Bg7 6. Be2 O-O 7.
O-O Ne4 8. Nxe4 Bxe4 9. Nd2 Bb7 10. Bf3 Qc8 11. Bxb7 Qxb7 12. Nf3 d6 13. b3 Nd7 14.
Bb2 e6 15. h4 f5 16. h5 Nf6 17. hxg6 hxg6 18. Ng5 Rfe8 19. f4 Ne4 20. Qf3 d5 21.
Nxe4 dxe4 22. Qg3 Kf7 23. Kf2 c5 24. Rfd1 Rad8 25. Ke2 b5 26. Rac1 cxd4 27. exd4 bxc4 28. Rxc4 Rc8 29. Rdc1 Rxc4 30. Rxc4 Rc8 31. Qc3 Rxc4 32. Qxc4 e3 33. Kxe3 Qxg2 34. Qc7+ Kg8 35. Qd8+ Kh7 36. Qh4+ Bh6 37. Qe7+ Kh8 38. d5+ Qxb2 39. Qe8+ Kh7 40. dxe6 Qc3+ 41. Ke2 Qc2+ 42. Ke3 Qe4+ 43. Kd2 Bxf4+ 44.
Kc3 Be5+ 45. Kd2 Qd4+ 46. Ke2 Bf6 47. Qf7+ Kh6 48. Qf8+ Kg5 49. Qc8 Qe4+ 50. Kd2 Qd5+ 51. Ke2 f4 52. b4 f3+ 53. Kf1 Qd1+ 54. Kf2 Qe2+ 55. Kg3 Qg2# 0-1

[Event "Early-Titled-Tuesday-Blitz-March-12-2024"]
[Site "Chess.com"]
[Date "2024.03.12"]
[Round "10"]
[White "Hanging_pointer"]
[Black "FairChess_on_YouTube"]
[Result "0-1"]
[WhiteElo "2731"]
[BlackElo "3104"]
[TimeControl "180+1"]
[EndTime "9:51:38 PDT"]
[Termination "FairChess_on_YouTube won by resignation"]

1. d4 Nf6 2. c4 e6 3. Nf3 b6 4. Nc3 Bb7 5. Bg5 h6 6. Bxf6 Qxf6 7. e3 g5 8. h3 Bg7 9. Bd3 Qe7 10. Be4 c6 11.
Qd2 Na6 12. a3 f5 13. Bd3 c5 14. O-O-O cxd4 15. exd4 O-O-O 16. Kb1 Kb8 17. Rhe1 Qf6 18. Bf1 Nc7 19. a4 d6 20. Nb5 g4 21. Ng1 Nxb5 22.
axb5 h5 23. g3 h4 24. hxg4 fxg4 25. gxh4 Rxh4 26. Qe3 Rh2 27. Qxe6 Rxf2 28. Qxf6 Bxf6 29. Re2 g3 30. d5 Bc8 31. Rxf2 gxf2 32. Ne2 Re8 33.
Nc1 Re1 34. Kc2 Bg4 35. Be2 Rxe2+ 36. Nxe2 Bxe2 0-1

[Event "Early-Titled-Tuesday-Blitz-March-12-2024"]
[Site "Chess.com"]
[Date "2024.03.12"]
[Round "10"]
[White "djano"]
[Black "luckyswitchback"]
[Result "0-1"]
[WhiteElo "2586"]
[BlackElo "2699"]
[TimeControl "180+1"]
[EndTime "9:51:38 PDT"]
[Termination "luckyswitchback won by resignation"]

1. e4 c6 2. d4 d5 3. exd5 cxd5 4. Bd3 Nc6 5. c3 Nf6 6. Bf4 Bg4 7. Qb3 Qd7 8. Nd2 e6 9. Ngf3 Bxf3 10. Nxf3 Bd6 11.
Bxd6 Qxd6 12. O-O O-O 13. Rae1 Qc7 14. Qc2 Rac8 15. Qe2 g6 16. g3 a6 17. h4 b5 18.
Kg2 Kg7 19. Ne5 h5 20. f4 Ne7 21. Nf3 Nf5 22. Ng5 Rfe8 23. a3 Rb8 24. Ra1 Ng4 25. Rf3 Qc6 26. Kh3 a5 27. Qe1 f6 28. Qd2 fxg5 29.
fxg5 Qd6 30. Re1 b4 31. cxb4 axb4 32. a4 Nxd4 33. Rf4 e5 34. Rff1 Rf8 35. Qe3 Nxe3 0-1

[Event "Early-Titled-Tuesday-Blitz-March-12-2024"]
[Site "Chess.com"]
[Date "2024.03.12"]
[Round "10"]
[White "Sychev_on_YouTube"]
[Black "zajka-molotok"]
[Result "1-0"]
[WhiteElo "2928"]
[BlackElo "2567"]
[TimeControl "180+1"]
[EndTime "9:51:42 PDT"]
[Termination "Sychev_on_YouTube won by resignation"]

1. e4 c5 2. Nc3 Nc6 3. Bb5 g6 4. Bxc6 dxc6 5. f4 Bg7 6. Nf3 Nf6 7. d3 Bg4 8. O-O O-O 9. e5 Nd5 10. Ne4 b6 11. h3 Bxf3 12. Qxf3 Nc7 13. Kh1 Qd5 14. c4 Qd7 15. Qg3 Qf5 16. Qh4 Rad8 17. g4 Qd7 18. Rf3 f6 19. Bd2 fxe5 20. f5 gxf5 21.
gxf5 Rxf5 22. Rg3 Ne6 23. Rag1 Rdf8 24. Bh6 R8f7 25. Bxg7 Rxg7 26. Rxg7+ Nxg7 27. Qg4 e6 28. Qxf5 exf5 29. Nf6+ Kf7 30. Nxd7 1-0

[Event "Early-Titled-Tuesday-Blitz-March-12-2024"]
[Site "Chess.com"]
[Date "2024.03.12"]
[Round "10"]
[White "DonkyDonkyDonkey"]
[Black "Aygehovit1992"]
[Result "1-0"]
[WhiteElo "2897"]
[BlackElo "2736"]
[TimeControl "180+1"]
[EndTime "9:51:42 PDT"]
[Termination "DonkyDonkyDonkey won on time"]

1. e4 c5 2. Nc3 Nc6 3. f4 g6 4. Nf3 Bg7 5. Bc4 e6 6. O-O Nge7 7. d3 O-O 8. Qe1 d5 9. Bb3 Na5 10. f5 Nxb3 11. axb3 exf5 12. Bg5 f6 13. Bd2 fxe4 14.
dxe4 d4 15. Ne2 Re8 16. Nf4 Nc6 17. Qe2 Qc7 18. Qc4+ Qf7 19. Qxc5 Bg4 20. Nd5 Bxf3 21. Rxf3 Rxe4 22. Raf1 Re5 23. Nxf6+ Bxf6 24. Qd6 Rf5 25. Rxf5 gxf5 26. Rxf5 Be7 27. Qg3+ Qg7 28. Qh3 Qg6 29. Bh6 Re8 30. Rf3 Bd6 31. Bd2 Qxc2 32. Qd7 Qg6 33. Qxb7 d3 34. Kf1 Nd8 35. Qd5+ Nf7 36.
Bc3 Be5 37. Qd7 Bxc3 38. Qxe8+ Kg7 39. bxc3 d2 40. Qxf7+ 1-0

[Event "Early-Titled-Tuesday-Blitz-March-12-2024"]
[Site "Chess.com"]
[Date "2024.03.12"]
[Round "10"]
[White "LuisFSiles"]
[Black "Eloist"]
[Result "0-1"]
[WhiteElo "2304"]
[BlackElo "2440"]
[TimeControl "180+1"]
[EndTime "9:51:44 PDT"]
[Termination "Eloist won by resignation"]

1. e4 e6 2. d4 d5 3. e5 c5 4. c3 Qb6 5. Nf3 Bd7 6. a3 Bb5 7. b4 cxd4 8. Bxb5+ Qxb5 9. cxd4 Nd7 10. Nc3 Qc6 11.
Bd2 Nb6 12. O-O Ne7 13. Rc1 Nc4 14. b5 Qd7 15. a4 Nf5 16. Bf4 Ba3 17. Rc2 O-O 18.
g4 Ne7 19. Ng5 Ng6 20. Qf3 Nxf4 21. Qxf4 f6 22. exf6 Rxf6 23. Qg3 Bd6 24. f4 Raf8 25. Rcf2 Qc7 26. Nh3 Qb6 27. Ne2 Nd2 28. g5 Nxf1 29. Rxf1 Rf5 30. Rc1 Qa5 31. Qd3 Qb4 32. g6 h6 33. Ng3 Bxf4 34. Nxf5 Bxc1 35. Qe2 exf5 36. Qe6+ Kh8 37. Qe7 Qxe7 0-1

[Event "Early-Titled-Tuesday-Blitz-March-12-2024"]
[Site "Chess.com"]
[Date "2024.03.12"]
[Round "10"]
[White "Viktor_Poddubnyi"]
[Black "FlemingA"]
[Result "0-1"]
[WhiteElo "2273"]
[BlackElo "2429"]
[TimeControl "180+1"]
[EndTime "9:51:44 PDT"]
[Termination "FlemingA won by resignation"]

1. e4 g6 2. d4 Bg7 3. c4 a6 4. Nc3 c6 5. a4 d6 6. Nf3 Nd7 7. Be2 e5 8. O-O Ne7 9. Re1 O-O 10. h3 exd4 11. Nxd4 Nc5 12. Be3 Re8 13. Bf1 Bd7 14.
a5 Nc8 15. f3 Ne7 16. Bf2 Ne6 17. Nc2 Qc7 18. Qd2 h5 19. Bg3 Be5 20. f4 Bg7 21. f5 gxf5 22. Bxd6 Qc8 23. Bxe7 fxe4 24. Bd6 f5 25.
Qf2 Ng5 26. Qh4 Nf7 27. Bf4 Qd8 28. Qxd8 Raxd8 29. Rad1 Be6 30. Nd4 Bxd4+ 0-1

[Event "Early-Titled-Tuesday-Blitz-March-12-2024"]
[Site "Chess.com"]
[Date "2024.03.12"]
[Round "10"]
[White "david_gomez"]
[Black "suyu28"]
[Result "0-1"]
[WhiteElo "2624"]
[BlackElo "2866"]
[TimeControl "180+1"]
[EndTime "9:51:49 PDT"]
[Termination "suyu28 won by resignation"]

1. e4 c6 2. d4 d5 3. exd5 cxd5 4. c4 Nf6 5. Nc3 Nc6 6. Nf3 Bg4 7. cxd5 Nxd5 8. Qb3 Bxf3 9. gxf3 e6 10. Qxb7 Nxd4 11. Bb5+ Nxb5 12. Qc6+ Ke7 13. Qc5+ Nd6 14. Nxd5+ exd5 15. O-O Qb6 16. Qxd5 Re8 17. Bf4 Kd7 18. Rfd1 Re6 19.
Rac1 Be7 20. Be3 Qa6 21. Rc3 Rc8 22. Ra3 Qc4 23. Rxa7+ Ke8 24. Qh5 Qe2 25. Qd5 Rxe3 26.
fxe3 Qxe3+ 27. Kh1 Qxa7 28. Re1 Kf8 29. b4 Qb7 30. Qd3 g6 31. a3 Nf5 32. Qe4 Qxe4 33. fxe4 Nd4 34. Rb1 Rc3 35. a4 Rc2 36. Kg1 Nf3+ 37.
Kf1 Bh4 0-1

[Event "Early-Titled-Tuesday-Blitz-March-12-2024"]
[Site "Chess.com"]
[Date "2024.03.12"]
[Round "10"]
[White "Veleamater"]
[Black "koncheto"]
[Result "0-1"]
[WhiteElo "2313"]
[BlackElo "2483"]
[TimeControl "180+1"]
[EndTime "9:51:50 PDT"]
[Termination "koncheto won by resignation"]

1. g3 Nf6 2. Bg2 d5 3. d3 Bf5 4. Nf3 h6 5. O-O c5 6. h3 e6 7. Nc3 Nc6 8. Bf4 Bd6 9. Bxd6 Qxd6 10. Nd2 d4 11. Nce4 Nxe4 12. dxe4 Bh7 13. f4 e5 14.
f5 O-O 15. Nc4 Qc7 16. e3 b5 17. Na3 a6 18. exd4 exd4 19. Qf3 Qe5 20. Qf4 Rad8 21.
Rad1 Rfe8 22. Nb1 c4 23. Nd2 d3 24. c3 a5 25. a3 Qc5+ 26. Kh2 b4 27. axb4 axb4 28.
Rde1 bxc3 29. bxc3 Ne5 30. g4 Qa3 31. Rc1 f6 32. h4 Rb8 33. g5 hxg5 34. hxg5 Rb2 35.
g6 Bxg6 36. fxg6 Nxg6 37. Qe3 Ne5 38. Kg3 Rc2 39. Nf3 Qxc3 40. Rb1 d2 41. Qf4 Rd8 42. Rbd1 Qd3 43. Kh2 Nxf3+ 44. Bxf3 c3 45. Rg1 Qd6 46. e5 Qxe5 47. Qxe5 fxe5 48. Be4 Rb2 49. Rg3 c2 50.
Bxc2 Rxc2 51. Rg2 e4 52. Re2 e3 53. Kg3 Rc1 0-1